 Dungeon Crawl Stone Soup version 0.29-a0-321-gf1c400731a (webtiles) character file.

Game seed: 10711911764062838050

1106 kae the Firebug (level 8, 0/46 HPs)
             Began as a Tengu Fire Elementalist on Apr 4, 2022.
             Was a Follower of Vehumet.
             Slain by a gnoll shaman
             ... wielding a +0 whip
              (8 damage)
             ... on level 5 of the Dungeon.
             The game lasted 00:05:41 (8853 turns).

kae the Firebug (Tengu Fire Elementalist)           Turns: 8853, Time: 00:05:42

Health: 0/46       AC:  2    Str: 14    XL:     8   Next: 33%
Magic:  11/14      EV: 16    Int: 26    God:    Vehumet [*.....]
Gold:   242        SH:  0    Dex: 15    Spells: 8/14 levels left

rFire   . . .      SeeInvis .   i - +1 short sword (venom)
rCold   + . .      Faith    .   (no shield)
rNeg    . . .      Spirit   .   a - +0 robe
rPois   .          Reflect  .   (helmet restricted)
rElec   .          Harm     .   (no cloak)
rCorr   .          Rampage  .   (no gloves)
Will    .....                   (boots unavailable)
Stlth   ++........              t - amulet of magic regeneration
HPRegen 0.15/turn               d - +6 ring of strength
MPRegen 0.54/turn               o - ring "Lutity" {rC+ Int+8}

@: lethally poisoned (0 -> -5), flying quickly and evasively, quick
A: beak, talons 3, nimble flight
a: Renounce Religion


You were on level 5 of the Dungeon.
You worshipped Vehumet.
Vehumet was aware of your devotion.
You visited 2 branches of the dungeon, and saw 6 of its levels.

You collected 242 gold pieces.

Inventory:

Hand Weapons
 h - a +0 vampiric spear
 i - a +1 short sword of venom (weapon)
Missiles
 q - a throwing net
Armour
 a - a +0 robe (worn)
Jewellery
 d - a +6 ring of strength (left hand)
 g - a ring of willpower
 o - the ring "Lutity" (right hand) {rC+ Int+8}
   (You found it on level 3 of the Dungeon)

   [ring of protection from cold]

   Int:       It affects your intelligence (+8).
   rC:        It protects you from cold.
 r - a ring of willpower
 t - an amulet of magic regeneration (around neck)
 v - an amulet of the acrobat
Scrolls
 e - 2 scrolls of immolation
 s - a scroll of blinking
 u - a scroll of brand weapon {unknown}
Potions
 b - 2 potions of magic
 c - 3 potions of lignification
 f - a potion of curing
 j - a potion of might
 k - a potion of ambrosia
 l - a potion of flight
 m - 2 potions of heal wounds
 n - a potion of degeneration {unknown}
 p - 2 potions of brilliance {unknown}


   Skills:
 + Level 3.3 Fighting
 + Level 3.5 Armour
 + Level 4.5 Dodging
 - Level 2.0 Stealth
 + Level 3.7 Spellcasting
 + Level 4.6 Conjurations
 * Level 6.5 Fire Magic


You had 8 spell levels left.
You knew the following spells:

 Your Spells              Type           Power      Damage    Failure   Level
a - Foxfire               Conj/Fire      100%       2x1d9     1%          1
b - Scorch                Fire           78%        2d9       1%          2
c - Conjure Flame         Conj/Fire      33%        6-21      2%          3

Your spell library contained the following spells:

 Spells                   Type           Power      Damage    Failure   Level
 Shock                    Conj/Air       64%        1d7       3%          1
 Inner Flame              Hex/Fire       21%        N/A       7%          3
 Flame Wave               Conj/Fire      33%        2d8       9%          4
 Ensorcelled Hibernation  Hex/Ice        8%         N/A       13%         2
 Passwall                 Tmut/Erth      3%         N/A       13%         2
 Swiftness                Air            4%         N/A       26%         3


Dungeon Overview and Level Annotations

Branches:
Dungeon (5/15)             Temple (1/1) D:4

Altars:
Ashenzari
Cheibriados
Dithmenos
Elyvilon
Fedhas
Gozag
Hepliaklqana
Kikubaaqudgha
Makhleb
Okawaru
Qazlal
Ru
Sif Muna
Trog
Uskayaw
Vehumet
Wu Jian
Xom
Yredelemnul
Zin
The Shining One

Annotations:
D:4 Eustachio


Innate Abilities, Weirdness & Mutations

You have a beak for a mouth.
You have claws for feet.
Your magical nature lets you fly swiftly and evasively.


Message History

You are poisoned.
The adder poisons you!
The killer bee attacks as you move away!
The killer bee stings you.
You are more poisoned.
The killer bee poisons you!
You feel very sick.
The foxfire hits the killer bee.
The killer bee is almost dead.
The killer bee barely misses you.
You hit the killer bee.
You kill the killer bee!
Vehumet accepts your kill.
You feel very sick.
The gnoll shaman mumbles some strange prayers to its god.
The gnoll shaman is healed somewhat.
Casting: Scorch (safe; 1% risk of failure)
Confirm with . or Enter, or press ? or * to list all spells.
Flames lash the adder.
The adder is almost dead.
The adder's fire resistance burns away.
You feel sick. The adder bites you.
You feel sick. The adder bites you. x2
You are more poisoned.
The adder poisons you!
Casting: Scorch (safe; 1% risk of failure)
Confirm with . or Enter, or press ? or * to list all spells.
Flames lash the adder.
The adder is burned terribly!
You kill the adder!
Vehumet accepts your kill.
You feel sick.
You feel sick. The gnoll shaman barely misses you.
Casting: Scorch (safe; 1% risk of failure)
Confirm with . or Enter, or press ? or * to list all spells.
Flames lash the gnoll shaman.
The gnoll shaman is severely wounded.
The gnoll shaman's fire resistance burns away.
You feel sick.
A quokka comes into view.
The gnoll shaman hits you with a +0 whip!
You die...

.. ... .. #r# ###.###
#.# ...⌠#.....#....
.#. ..#..:..#.8 ....
...!$$... #.. #..(..#
⌠.. #.....# ..
#.#####g#####.
...##..@##...
#.#.....#..
#....#......
##.#.....#)+#
#..##...##..#
.###.##..###.###..#
..................##
####.###(##...##...##
#.......#.##.....#


You could see a gnoll shaman (combustible) and a quokka.

Vanquished Creatures
  An ogre (D:5)
  A phantom (D:4)
  2 scorpions (D:5)
  5 wights
  A killer bee (D:5)
  2 hounds
  2 orc priests (D:4)
  Terence (D:2)
  3 iguanas
  2 orc wizards (D:4)
  6 gnolls
  5 adders
  An ufetubus (D:4)
  7 dart slugs
  16 orcs
  6 ball pythons
  5 bats
  12 endoplasms
  4 giant cockroaches
  4 hobgoblins
  4 jackals
  13 kobolds
  3 quokkas
  5 frilled lizards
  10 goblins
  5 rats
126 creatures vanquished.

Vanquished Creatures (others)
  258 foxfires
258 creatures vanquished.

Grand Total: 384 creatures vanquished

Notes
Turn   | Place    | Note
-------+----------+-------------------------------------------
     0 | D:1      | kae the Tengu Fire Elementalist began the quest for the
                  | Orb.
     0 | D:1      | Reached XP level 1. HP: 10/10 MP: 4/4
   282 | D:1      | Reached XP level 2. HP: 11/15 MP: 4/6
  1170 | D:1      | Reached XP level 3. HP: 20/20 MP: 4/7
  1173 | D:1      | Learned a level 2 spell: Scorch
  1177 | D:1      | Learned a level 3 spell: Conjure Flame
  1338 | D:1      | Found a faded altar of an unknown god.
  2249 | D:2      | Reached skill level 1 in Fighting
  2249 | D:2      | Reached skill level 1 in Armour
  2283 | D:2      | Reached skill level 4 in Fire Magic
  2290 | D:2      | Noticed Terence
  2296 | D:2      | Killed Terence
  2297 | D:2      | Reached XP level 4. HP: 22/25 MP: 8/8
  3179 | D:3      | Gained mutation: Your magical nature lets you fly swiftly
                  | and evasively. [Tengu growth]
  3179 | D:3      | Reached XP level 5. HP: 29/29 MP: 9/9
  3232 | D:3      | Identified the ring "Lutity" {rC+ Int+8}
  5621 | D:4      | Reached XP level 6. HP: 31/35 MP: 11/11
  5862 | D:4      | Found a staircase to the Ecumenical Temple.
  5875 | D:4      | Noticed Eustachio
  5881 | Temple   | Entered the Ecumenical Temple
  6315 | Temple   | Became a worshipper of Vehumet
  6389 | D:4      | Reached skill level 5 in Fire Magic
  7213 | D:4      | Reached XP level 7. HP: 29/40 MP: 6/12
  7883 | D:5      | Entered Level 5 of the Dungeon
  7900 | D:5      | Noticed a water elemental
  7902 | D:5      | Found a stormy altar of Qazlal.
  7903 | D:5      | Noticed a fire elemental
  7903 | D:5      | Noticed an air elemental
  8543 | D:5      | Reached skill level 6 in Fire Magic
  8602 | D:5      | Reached * piety under Vehumet
  8602 | D:5      | Offered knowledge of Shock by Vehumet.
  8603 | D:5      | Reached XP level 8. HP: 46/46 MP: 12/14
  8853 | D:5      | Slain by a gnoll shaman

Illustrated notes

Levels and vault maps discovered:
D:1:      giann_wishing_wells, layout_basic, shapermc_ecumenical_altar_venn
D:2:      layout_loops_cross, minmay_split_cup_large, uniq_terence
D:3:      layout_loops_cross
D:4:      layout_layer_cave, minmay_temple_entry_drinking_statues,
          minmay_quantized, uniq_eustachio
D:5:      layout_loops_corners, nicolae_qazlal_style_of_elements,
          minmay_chambers_of_fives
Temple:   mainiacjoe_temple_big_plus

Skill      XL: |  1  2  3  4  5  6  7 |
---------------+----------------------+-----
Fighting       | 1 2 3 |  3.3
Armour         | 1 2 3 |  3.5
Fire Magic     | 4 5 6 |  6.5
Conjurations   | 2 3 4 |  4.6
Dodging        | 3 4 |  4.5
Spellcasting   | 3 |  3.7
Stealth        | |  2.0

Action                   |  1- 3 |  4- 6 |  7- 9 || total
-------------------------+-------+-------+-------++-------
Melee: Short sword       |    21 |    94 |     9 ||   124
       Kick              |     8 |    27 |     2 ||    37
       Peck              |     3 |     8 |     2 ||    13
       Unarmed           |     3 |       |       ||     3
 Cast: Foxfire           |    57 |    48 |    50 ||   155
       Conjure Flame     |       |     1 |     6 ||     7
       Scorch            |       |    10 |    12 ||    22
  Use: Scroll            |     3 |     9 |     2 ||    14
       Potion            |       |     1 |       ||     1
 Stab: Sleeping          |     2 |     5 |       ||     7
Armor: Robe              |     1 |     8 |     1 ||    10
Dodge: Dodged            |    20 |    82 |    20 ||   122

Table legend: (Time is in decaauts)
 A = Elapsed time spent in this place.
 B = Non-inter-level travel time spent in this place.
 C = Inter-level travel time spent in this place.
 D = Time resting spent in this place.
 E = Time spent auto-exploring this place.
 F = Levels seen in this place.
 G = Mean time per level.
                   A        B        C        D        E       F      G
               +--------+--------+--------+--------+--------+-----+--------+
         Total |   8568 |   8221 |    347 |    587 |   6521 |   6 | 1428.0 |
       Dungeon |   8145 |   7864 |    281 |    587 |   6175 |   5 | 1629.0 |
        Temple |    423 |    358 |     65 |      0 |    346 |   1 |  423.0 |
               +--------+--------+--------+--------+--------+-----+--------+

Top non-repeatable levels by time:
     D:4: 2201 daAuts
     D:3: 2115 daAuts
     D:1: 1960 daAuts
     D:2: 1336 daAuts
     D:5: 530 daAuts
  Temple: 423 daAuts
